 Dungeon Crawl Stone Soup version 0.28-a0-577-gb193047a1f (webtiles) character file.

Game seed: 9439454213067281996

256504 iamoutofideas the Executioner (level 19, -5/193 HPs)
             Began as a Hill Orc Berserker on Oct 2, 2021.
             Was a High Priest of Trog.
             Killed from afar by a blizzard demon (36 damage)
             ... with a bolt of lightning
             ... on level 2 of the Abyss.
             The game lasted 01:32:22 (52937 turns).

iamoutofideas the Executioner (Hill Orc Berserker) Turns: 52937, Time: 01:32:22

Health: -5/193     AC: 36    Str: 35    XL:     19   Next: 81%
Magic:  19/19      EV: 13    Int:  7    God:    Trog [*****.]
Gold:   1281       SH: 16    Dex:  8    Spells: 18/18 levels left

rFire   + . .      SeeInvis +   u - +4 broad axe (vorpal)
rCold   + + .      Faith    .   o - +5 buckler of Jorr {Rampage rPois rN++ Stlth-}
rNeg    + + .      Spirit   .   r - +8 gold dragon scales
rPois   +          Reflect  +   (helmet restricted)
rElec   .          Harm     .   U - +1 cloak of Starlight {*Dazzle EV+4 Stlth--}
rCorr   +          Rampage  +   (no gloves)
Will    +++..                   T - +1 pair of boots "Ojomanir" {Str+7 Dex-2 SInv}
Stlth   ..........              s - amulet of reflection
HPRegen 0.42/turn               j - ring of resist corrosion
MPRegen 0.16/turn               I - ring of willpower

@: about to teleport
A: beak, hooves 1, cold resistance 1, strong-willed 1, sense surroundings 1
}: 2/15 runes: decaying, gossamer
a: Renounce Religion, Berserk, Trog's Hand, Brothers in Arms


You were on level 2 of the Abyss.
You worshipped Trog.
Trog was extremely pleased with you.
You visited 7 branches of the dungeon, and saw 33 of its levels.
You visited the Abyss 1 time.
You visited 1 bazaar.
You also visited: Bailey and Volcano.

You collected 4094 gold pieces.
You spent 2813 gold pieces at shops.

Inventory:

Hand Weapons
 u - a +4 vorpal broad axe (weapon)
 B - a +1 war axe of electrocution
 J - a +3 war axe of flaming
 K - a +2 battleaxe of flaming
 W - a +4 antimagic broad axe
Missiles
 y - 6 curare-tipped darts
 z - 3 throwing nets (quivered)
Armour
 h - the +10 chain mail of Kleptomania {rElec rN+ Str-4}
   (You found it on level 7 of the Dungeon)

   Str:       It affects your strength (-4).
   rElec:     It insulates you from electricity.
   rN:        It protects you from negative energy.
 o - the +5 buckler of Jorr (worn) {Rampage rPois rN++ Stlth-}
   (You acquired it on level 5 of the Lair of Beasts)

   rPois:     It protects you from poison.
   rN:        It greatly protects you from negative energy.
   Rampage:   It bestows one free step when moving towards enemies.
   Stlth:     It makes you less stealthy.
 r - +8 gold dragon scales (worn)
 x - a +2 helmet
 A - a +2 pair of boots
 T - the +1 pair of boots "Ojomanir" (worn) {Str+7 Dex-2 SInv}
   (You bought it in a shop in a bazaar)

   Str:       It affects your strength (+7).
   Dex:       It affects your dexterity (-2).
   SInv:      It lets you see invisible.
 U - the +1 cloak of Starlight (worn) {*Dazzle EV+4 Stlth--}
   (You bought it in a shop on level 2 of the Orcish Mines)

   It may blind those who miss an attack against the wearer in melee combat.
   EV:        It affects your evasion (+4).
   Stlth:     It makes you much less stealthy.
Jewellery
 g - an amulet of the acrobat
 j - a ring of resist corrosion (left hand)
 s - an amulet of reflection (around neck)
 w - a ring of flight
 E - a ring of ice
 I - a ring of willpower (right hand)
 M - a ring of poison resistance
 Q - a ring of willpower
 V - a ring of ice
Wands
 a - a wand of polymorph (11)
 m - a wand of acid (40)
 n - a wand of paralysis (30)
 t - a wand of iceblast (37)
Scrolls
 c - 4 scrolls of holy word
 d - 5 scrolls of fog
 f - a scroll of silence
 p - 6 scrolls of teleportation
 q - 7 scrolls of identify
 C - 5 scrolls of enchant weapon
 G - a scroll of fear
 H - a scroll of immolation
 Y - a scroll of summoning
Potions
 b - a potion of haste
 e - 3 potions of mutation
 i - 2 potions of magic
 k - 2 potions of resistance
 l - 13 potions of lignification
 v - 3 potions of might
 D - 7 potions of curing
 F - 5 potions of invisibility
 L - 2 potions of cancellation
 N - a potion of heal wounds
 O - 2 potions of flight
 P - a potion of berserk rage
 S - 4 potions of attraction
 X - 6 potions of ambrosia
Miscellaneous
 R - a condenser vane


   Skills:
 + Level 22.3 Fighting
 + Level 25.6 Axes
 + Level 19.5 Armour
 + Level 7.3 Dodging
 - Level 0.3 Stealth
 + Level 11.4 Shields
 - Level 0.3 Evocations


You had 18 spell levels left.
You didn't know any spells.
Your spell library was empty.

Dungeon Overview and Level Annotations

Branches:
Dungeon (15/15)            Temple (1/1) D:6            Lair (6/6) D:8
  Swamp (4/4) Lair:3       Spider (4/4) Lair:4        Slime (0/5) Lair:6
    Orc (2/2) D:12            Elf (0/3) Orc:2        Vaults (1/5) D:13
 Depths (0/4) D:15         Bailey (visited)         Volcano (visited)

Altars:
Ashenzari
Cheibriados
Dithmenos
Elyvilon
Fedhas
Gozag
Hepliaklqana
Kikubaaqudgha
Makhleb
Nemelex Xobeh
Okawaru
Qazlal
Ru
Sif Muna
Trog
Uskayaw
Vehumet
Wu Jian
Xom
Yredelemnul
Zin
The Shining One
Beogh
Jiyva

Shops:
D:1 ?   Orc:2 *([=

Annotations:
D:3 exclusion: downstairs
D:4 exclusion: downstairs
D:15 1 runed translucent door, Ujot's ghost, journeyman DsGl
Lair:6 1 runed translucent door
Swamp:2 exclusion: downstairs


Innate Abilities, Weirdness & Mutations

You have a beak for a mouth.
You have large cloven feet.
Your flesh is cold resistant. (rC+)
You are strong-willed. (Will+)
You passively map a small area around you.


Message History

You hit the harpy zombie. Your peck misses the harpy zombie.
The harpy zombie is lightly damaged.
The harpy zombie claws you but does no damage.
You block the harpy zombie's attack. The harpy zombie closely misses you.
You block the harpy zombie's attack.
You open the harpy zombie like a pillowcase!!!
You destroy the harpy zombie!
Trog accepts your kill.
A bone dragon comes into view.
A small abomination comes into view.
A blizzard demon comes into view.
The blizzard demon shouts!
The blizzard demon gestures at you.
The bolt of lightning hits the bone dragon!
The bone dragon resists.
The bolt of lightning hits you!!
* * * LOW HITPOINT WARNING * * *
The bolt of lightning hits you!!
* * * LOW HITPOINT WARNING * * *
As you read the scroll of teleportation, it crumbles to dust.
You feel strangely unstable.
You feel the power of the Abyss delaying your translocation!
A tentacled starspawn comes into view.
Unknown command.
Okay, then.
The blizzard demon waves its arms in wide circles.
The air twists around and strikes you!
* * * LOW HITPOINT WARNING * * *
You block the bone dragon's attack. x3
Tentacles burst from the starspawn's body! 2 starspawn tentacles come into view.
You feel much better. The bone dragon closely misses you.
You block the bone dragon's attack.
The bone dragon tramples you but does no damage.
The tentacled starspawn bites you!!
* * * LOW HITPOINT WARNING * * *
The tentacled starspawn tentacle-slaps you but does no damage.
The starspawn tentacle grabs you. The starspawn tentacle constricts you.
You escape the starspawn tentacle's grasp.
The blizzard demon gestures at you. The bolt of lightning hits you!!!
You die...

# ##./##.....#
#.# <...w..#
##..#w #│..#
......##│#.
#≈2X#
##.#.###.#
##D.#.2..≈#
#.#.###......#
##@......#.. .
##..#..#...#
.##....### .
...#. . .#...
# # ..# # # .
. . .


You could see a blizzard demon.

Vanquished Creatures
  Mlioglotl (Spider:2)
  A tentacled monstrosity (Swamp:3)
  Gastronok (Orc:1)
  Louise (Spider:3)
  An orc warlord (Vaults:1)
  5 ghost moths
  A ghoul (Swamp:1)
  4 ironbound preservers (Vaults:1)
  5 emperor scorpions
  A war gargoyle (Vaults:1)
  A very ugly thing (Abyss:2)
  5 entropy weavers
  5 bunyips
  2 spark wasps
  The ghost of robertstho the Thaumaturge, a journeyman DjFE of Gozag (Lair:1)
  5 eleionomae
  A fire dragon (Volcano)
  Snorg (Orc:1)
  A crystal guardian (Vaults:1)
  An ettin (D:15)
  Harold (D:8)
  3 shambling mangroves
  Erolcha (D:9)
  A peacekeeper (Vaults:1)
  Fannar (D:12)
  4 ghost crabs
  6 boulder beetles
  27 hydras
  2 death knights
  17 centaur warriors
  An ironbound frostheart (Vaults:1)
  15 alligators
  Erica (Orc:1)
  2 dancing weapons (D:13)
  10 two-headed ogres
  2 tengu warriors (D:15)
  5 thrashing horrors (Abyss:2)
  A deep elf knight (D:13)
  4 orc high priests
  A sun demon (Abyss:2)
  Nergalle (Orc:1)
  A shadow wraith (Abyss:2)
  2 wretched stars (Abyss:2)
  15 deep trolls (Vaults:1)
  3 skeletal warriors (D:11)
  4 goliath frogs
  10 swamp dragons
  A flayed ghost (D:13)
  6 bog bodies
  A glowing orange brain (D:13)
  4 spriggan druids
  6 phantasmal warriors
  A deep elf pyromancer (D:14)
  14 orc knights
  Pikel (D:6)
  6 harpies (Vaults:1)
  2 wizards
  23 orb spiders
  3 salamanders (Volcano)
  A necromancer (D:15)
  3 cyclopes
  20 wolf spiders
  9 ugly things
  3 manticores
  A moth of wrath (Spider:4)
  5 orc sorcerers
  2 worldbinders (Abyss:2)
  5 will-o-the-wisps
  13 elephants
  4 black mambas
  An apocalypse crab (Abyss:2)
  A smoke demon (Abyss:2)
  A vault sentinel (Vaults:1)
  2 torpor snails (Spider:1)
  A gargoyle (D:14)
  14 cane toads
  A large abomination (Abyss:2)
  An unseen horror (D:7)
  20 komodo dragons
  21 demonic crawlers
  2 kobold demonologists (D:12)
  A freezing wraith (D:14)
  3 rime drakes
  An efreet (D:15)
  2 yaktaurs (Vaults:1)
  9 trolls
  A harpy zombie (Abyss:2)
  An ancient zyme (Abyss:2)
  10 polar bears
  27 jumping spiders
  9 tyrant leeches
  14 blink frogs
  16 hornets
  4 dream sheep (Lair:6)
  Prince Ribbit (D:6)
  Grinder (D:6)
  13 slime creatures
  57 redbacks
  A flying skull (Abyss:2)
  14 spriggans (Lair:6)
  2 shadows
  3 water elementals
  2 wraiths
  16 wyverns
  Eustachio (D:4)
  67 yaks
  34 tarantellas
  A vampire (D:8)
  2 fire bats (Volcano)
  8 basilisks
  2 steam dragons
  A chaos spawn (Abyss:2)
  2 vampire mosquitoes (Swamp:3)
  Edmund (D:6)
  5 wargs
  15 swamp worms
  A hell hound (Lair:5)
  16 water moccasins
  3 small abominations (Abyss:2)
  11 swamp drakes
  Duvessa (D:6)
  3 black bears
  An ice beast (D:5)
  A hornet zombie (D:6)
  4 boggarts (Lair:6)
  40 orc warriors
  2 necrophages
  27 wolves
  20 ogres
  8 centaurs
  3 lemures (D:6)
  8 kobold brigands
  Blork the orc (D:4)
  5 bullfrogs
  2 scorpions
  2 gnoll sergeants (D:12)
  A wyvern skeleton (D:6)
  Dowan (D:6)
  A water moccasin zombie (D:6)
  A water moccasin skeleton (D:6)
  10 killer bees
  10 wights
  6 howler monkeys
  14 electric eels
  A crimson imp (D:3)
  4 bullfrog zombies
  A centaur zombie (D:9)
  A centaur skeleton (D:6)
  3 bullfrog skeletons
  4 hounds
  19 orc priests
  Crazy Yiuf (D:4)
  An iron imp (Abyss:2)
  3 iguanas
  21 orc wizards
  3 hell rats (Lair:5)
  2 hound skeletons (D:5)
  A howler monkey zombie (D:6)
  20 gnolls
  5 adders
  2 howler monkey skeletons
  2 worms (D:2)
  3 dart slugs
  109 orcs
  6 endoplasms
  2 giant cockroaches
  4 hobgoblins
  4 quokkas
  4 ball pythons
  A bat (D:2)
  A frilled lizard (D:2)
  10 goblins
  19 kobolds
  5 rats
1196 creatures vanquished.

Vanquished Creatures (collateral kills)
  A ghost moth (Spider:4)
  An emperor scorpion (Spider:4)
  A very ugly thing (Abyss:2)
  A spark wasp (Spider:4)
  A thrashing horror (Abyss:2)
  A hell knight (D:15)
  An orc knight (D:15)
  A necromancer (D:15)
  An orc sorcerer (D:15)
  A wolf spider (Spider:4)
  2 orb spiders (Spider:4)
  3 jumping spiders (Spider:4)
  A raiju (Abyss:2)
  4 redbacks (Spider:4)
  3 tarantellas (Spider:4)
  A small abomination (Abyss:2)
  3 orcs (D:15)
27 creatures vanquished.

Vanquished Creatures (others)
  A hydra (Swamp:2)
  A bloated husk (Swamp:2)
  A swamp worm (Swamp:1)
  An orc priest (Orc:1)
  A white imp (Abyss:2)
  35 foxfires
  24 fungi
  107 plants
  A starspawn tentacle (Abyss:2)
  3 withered plants (D:6)
175 creatures vanquished.

Grand Total: 1398 creatures vanquished

Notes
Turn   | Place    | Note
-------+----------+-------------------------------------------
     0 | D:1      | iamoutofideas the Hill Orc Berserker began the quest for
                  | the Orb.
     0 | D:1      | Reached XP level 1. HP: 19/19 MP: 1/1
   116 | D:1      | Reached XP level 2. HP: 18/27 MP: 2/2
   694 | D:1      | Found Murchageg's Magic Scroll Boutique.
   810 | D:1      | Bought a scroll of identify for 24 gold pieces
  1178 | D:2      | Reached XP level 3. HP: 31/33 MP: 3/3
  1893 | D:2      | Reached ** piety under Trog
  1946 | D:2      | Found a faded altar of an unknown god.
  2608 | D:3      | Found a hazy altar of Hepliaklqana.
  2609 | D:3      | Found a bloodstained altar of Trog.
  2794 | D:3      | Found a burning altar of Makhleb.
  2795 | D:3      | Found a shimmering altar of Xom.
  2799 | D:3      | Reached skill level 5 in Axes
  2799 | D:3      | Reached XP level 4. HP: 20/41 MP: 4/4
  3152 | D:4      | Noticed Blork the orc
  3249 | D:4      | Noticed an ogre
  3256 | D:4      | Killed an ogre
  3257 | D:4      | Reached skill level 6 in Axes
  3257 | D:4      | Reached XP level 5. HP: 47/47 MP: 5/5
  3413 | D:4      | Found a broken altar of Ashenzari.
  3474 | D:4      | Reached skill level 7 in Axes
  3730 | D:4      | Reached XP level 6. HP: 53/53 MP: 6/6
  3765 | D:4      | Killed Blork the orc
  3963 | D:4      | Reached skill level 8 in Axes
  4205 | D:4      | Found a runed translucent door.
  4206 | D:4      | Noticed Crazy Yiuf
  4704 | D:4      | Killed Crazy Yiuf
  4778 | D:5      | Entered Level 5 of the Dungeon
  4945 | D:5      | Reached skill level 9 in Axes
  4945 | D:5      | Reached XP level 7. HP: 45/60 MP: 7/7
  5346 | D:5      | Reached skill level 10 in Axes
  5355 | D:5      | Noticed Eustachio
  5960 | D:4      | Killed Eustachio
  5961 | D:4      | Reached skill level 11 in Axes
  6170 | D:5      | Reached XP level 8. HP: 49/67 MP: 8/8
  6720 | D:6      | Reached skill level 12 in Axes
  6797 | D:6      | Found a staircase to the Ecumenical Temple.
  6846 | Temple   | Entered the Ecumenical Temple
  7208 | D:6      | Noticed Grinder
  7209 | D:6      | Reached skill level 13 in Axes
  7240 | D:5      | HP: 2/67 [ogre (9)]
  7552 | D:5      | Reached skill level 14 in Axes
  7552 | D:5      | Reached XP level 9. HP: 72/72 MP: 9/9
  7657 | D:6      | Killed Grinder
  7660 | D:6      | Reached skill level 15 in Axes
  7767 | D:6      | Noticed Prince Ribbit
  8282 | D:6      | Noticed Duvessa
  8282 | D:6      | Noticed Dowan
  8289 | D:6      | Killed Duvessa
  8296 | D:6      | Killed Dowan
  8367 | D:6      | Found a sacrificial altar of Ru.
  8368 | D:6      | Found a glowing golden altar of the Shining One.
  8371 | D:6      | Found a shimmering blue altar of Sif Muna.
  8390 | D:6      | Reached *** piety under Trog
  8611 | D:6      | Noticed Edmund
  8624 | D:6      | Killed Edmund
  8625 | D:6      | Reached skill level 16 in Axes
  9159 | D:7      | Reached skill level 5 in Fighting
  9470 | D:7      | Noticed a manticore
  9471 | D:7      | Noticed Pikel
 10070 | D:6      | Killed Pikel
 10449 | D:6      | Killed Prince Ribbit
 10450 | D:6      | Reached skill level 5 in Armour
 10450 | D:6      | Reached XP level 10. HP: 56/83 MP: 10/10
 10590 | D:7      | Killed a manticore
 10719 | D:7      | Found a sparkling altar of Nemelex Xobeh.
 11046 | D:7      | Killed an unseen horror
 11328 | D:7      | Identified the +10 chain mail of Kleptomania {rElec rN+
                  | Str-4}
 11717 | D:8      | Noticed Harold
 12192 | D:8      | Killed Harold
 12429 | D:7      | Paralysed by a hornet for 3 turns
 13309 | D:8      | Reached **** piety under Trog
 13310 | D:8      | Reached XP level 11. HP: 94/94 MP: 11/11
 13503 | D:8      | Found a radiant altar of Vehumet.
 13714 | D:8      | Found a staircase to the Lair.
 13874 | D:9      | Noticed Erolcha
 14429 | D:9      | Killed Erolcha
 14446 | D:9      | Reached ***** piety under Trog
 14574 | D:9      | Reached skill level 10 in Armour
 15228 | D:10     | Entered Level 10 of the Dungeon
 15251 | D:10     | Received a gift from Trog
 15648 | D:10     | Noticed a two-headed ogre
 15656 | D:10     | Killed a two-headed ogre
 15657 | D:10     | Reached skill level 17 in Axes
 15723 | D:10     | Noticed a two-headed ogre
 15730 | D:10     | Killed a two-headed ogre
 15731 | D:10     | Reached skill level 10 in Fighting
 16084 | D:10     | Noticed a two-headed ogre
 16097 | D:10     | Killed a two-headed ogre
 16231 | D:10     | Found a faded altar of an unknown god.
 16231 | D:10     | Found a hide-covered altar of Uskayaw.
 16240 | D:10     | Found a faded altar of an unknown god.
 16242 | D:10     | Found an iron altar of Okawaru.
 16244 | D:10     | Found a white marble altar of Elyvilon.
 16706 | D:11     | Noticed a skeletal warrior
 16706 | D:11     | Noticed a skeletal warrior
 16706 | D:11     | Noticed a skeletal warrior
 16717 | D:11     | Killed a skeletal warrior
 16718 | D:11     | Reached XP level 12. HP: 95/107 MP: 12/12
 17185 | D:12     | Noticed a two-headed ogre
 17193 | D:12     | Killed a two-headed ogre
 17455 | D:12     | You fall into a shaft and drop 2 floors!
 17556 | D:14     | Found a flagged portal.
 17571 | Bailey   | Entered a bailey
 18316 | D:13     | Noticed a boulder beetle
 18325 | D:13     | Killed a boulder beetle
 18383 | D:13     | Reached skill level 18 in Axes
 18617 | D:13     | Noticed a centaur warrior
 18625 | D:13     | Killed a centaur warrior
 18647 | D:13     | Found a gate to the Vaults.
 19057 | D:12     | Noticed a six-headed hydra
 19064 | D:12     | Killed an 11-headed hydra
 19104 | D:12     | Found a staircase to the Orcish Mines.
 19111 | D:12     | Reached XP level 13. HP: 90/118 MP: 11/13
 19375 | D:12     | Noticed Fannar
 19392 | D:12     | Killed Fannar
 20271 | Lair:1   | Entered Level 1 of the Lair of Beasts
 20967 | Lair:1   | Reached skill level 1 in Shields
 21237 | Lair:1   | Received a gift from Trog
 21313 | Lair:1   | Found a runed translucent door.
 21319 | Lair:1   | Noticed robertstho's ghost (journeyman DjFE)
 23200 | Lair:3   | Reached skill level 19 in Axes
 23266 | Lair:3   | Found a dark tunnel.
 23287 | Volcano  | Entered a volcano
 23503 | Volcano  | Noticed a fire dragon
 23515 | Volcano  | Killed a fire dragon
 23516 | Volcano  | Reached XP level 14. HP: 42/130 MP: 14/14
 23939 | Lair:3   | Identified the +2 great sword of Eplew {vorpal, Str+2}
 24410 | Lair:3   | Found a staircase to the Swamp.
 24745 | Lair:4   | Reached skill level 15 in Armour
 25169 | Lair:4   | Found a hole to the Spider Nest.
 25423 | Lair:4   | Reached skill level 20 in Axes
 26140 | Lair:5   | Reached skill level 5 in Dodging
 26266 | Lair:5   | Gained mutation: You sometimes lose the ability to read
                  | scrolls when taking damage. [potion of mutation]
 26266 | Lair:5   | Gained mutation: Your body sometimes deteriorates upon
                  | taking damage. [potion of mutation]
 26267 | Lair:5   | Lost mutation: Your body sometimes deteriorates upon taking
                  | damage. [potion of mutation]
 26267 | Lair:5   | Lost mutation: You sometimes lose the ability to read
                  | scrolls when taking damage. [potion of mutation]
 26267 | Lair:5   | Gained mutation: You are weak. (Str -2) [potion of
                  | mutation]
 26267 | Lair:5   | Gained mutation: Your body sometimes deteriorates upon
                  | taking damage. [potion of mutation]
 26267 | Lair:5   | Gained mutation: You are partially covered in iridescent
                  | scales. (AC +2) [potion of mutation]
 26267 | Lair:5   | Gained mutation: Your movements are slightly less
                  | encumbered by armour. (ER -2) [potion of mutation]
 26268 | Lair:5   | Lost mutation: You are partially covered in iridescent
                  | scales. (AC +2) [potion of mutation]
 26268 | Lair:5   | Lost mutation: Your body sometimes deteriorates upon taking
                  | damage. [potion of mutation]
 26268 | Lair:5   | Gained mutation: Armour fits poorly on your strangely
                  | shaped body. [potion of mutation]
 26268 | Lair:5   | Gained mutation: Your body sometimes deteriorates upon
                  | taking damage. [potion of mutation]
 26268 | Lair:5   | Gained mutation: You have supernaturally acute eyesight.
                  | (SInv) [potion of mutation]
 26268 | Lair:5   | Gained mutation: Your flesh is cold resistant. (rC+)
                  | [potion of mutation]
 26359 | Lair:5   | Reached skill level 15 in Fighting
 26619 | Lair:5   | Received a gift from Trog
 27038 | Lair:5   | You fall into a shaft and drop 1 floor!
 27038 | Lair:6   | Entered Level 6 of the Lair of Beasts
 27447 | Lair:6   | Found a runed translucent door.
 27448 | Lair:6   | Found a viscous altar of Jiyva.
 27448 | Lair:6   | Noticed an acid blob
 27489 | Lair:6   | Found a staircase to the Slime Pits.
 27582 | Lair:6   | Reached XP level 15. HP: 138/141 MP: 15/15
 28170 | Lair:6   | Reached skill level 21 in Axes
 28259 | Lair:6   | Identified a scroll of acquirement
 29485 | Lair:5   | Acquired the +5 buckler of Jorr {Rampage rPois rN++ Stlth-}
 29975 | Orc:1    | Entered Level 1 of the Orcish Mines
 29998 | Orc:1    | Reached ****** piety under Trog
 30002 | Orc:1    | Noticed Nergalle
 30007 | Orc:1    | Noticed Snorg
 30021 | Orc:1    | Killed Nergalle
 30026 | Orc:1    | Killed Snorg
 30372 | Orc:1    | Received a gift from Trog
 30580 | Orc:1    | Noticed Erica
 30581 | Orc:1    | Noticed Gastronok
 30598 | Orc:1    | Killed Gastronok
 30601 | Orc:1    | Killed Erica
 30820 | Orc:2    | Entered Level 2 of the Orcish Mines
 30853 | Orc:2    | Found a staircase to the Elven Halls.
 31380 | Orc:2    | Reached skill level 22 in Axes
 31721 | Orc:2    | Found Bonn's Assorted Antiques.
 31721 | Orc:2    | Found Hiussarr's Jewellery Shoppe.
 31787 | Orc:2    | Found Moilirph's Antique Weapon Shop.
 31787 | Orc:2    | Found Koawnu's Antique Armour Shoppe.
 31804 | Orc:2    | Bought a pair of polished boots for 275 gold pieces
 31804 | Orc:2    | Identified the -1 pair of boots of Luro {Int+6 Stlth+} (You
                  | bought it in a shop on level 2 of the Orcish Mines)
 31804 | Orc:2    | Bought the +1 cloak of Starlight {*Dazzle EV+4 Stlth--} for
                  | 884 gold pieces
 31804 | Orc:2    | Found the +1 cloak of Starlight {*Dazzle EV+4 Stlth--}
 31931 | Orc:2    | Received a gift from Trog
 32475 | Spider:1 | Entered Level 1 of the Spider Nest
 32486 | Spider:1 | Noticed a ghost moth
 32495 | Spider:1 | Killed a ghost moth
 32496 | Spider:1 | Reached XP level 16. HP: 95/155 MP: 0/16
 33366 | Spider:1 | Reached skill level 5 in Shields
 34885 | D:13     | Identified the +3 trident "Bicsunuw" {vorpal, Dex+2}
 35850 | D:14     | Received a gift from Trog
 36738 | D:14     | You fall into a shaft and drop 1 floor!
 36738 | D:15     | Entered Level 15 of the Dungeon
 36912 | D:15     | Found a runed translucent door.
 36914 | D:15     | Noticed Ujot's ghost (journeyman DsGl)
 37068 | D:15     | Found a staircase to the Depths.
 38299 | D:15     | Found a burning altar of Makhleb.
 38968 | Lair:1   | Killed robertstho's ghost
 39170 | Lair:5   | Lost mutation: You have supernaturally acute eyesight.
                  | (SInv) [potion of mutation]
 39170 | Lair:5   | Lost mutation: Armour fits poorly on your strangely shaped
                  | body. [potion of mutation]
 39170 | Lair:5   | Gained mutation: You are strong-willed. (Will+) [potion of
                  | mutation]
 39170 | Lair:5   | Lost mutation: Your movements are slightly less encumbered
                  | by armour. (ER -2) [potion of mutation]
 39363 | Spider:2 | Reached skill level 23 in Axes
 39363 | Spider:2 | Reached XP level 17. HP: 166/166 MP: 17/17
 39410 | Spider:2 | Received a gift from Trog
 40550 | Spider:2 | Noticed Mlioglotl
 40584 | Spider:2 | Killed Mlioglotl
 40845 | Spider:3 | Lost mutation: You are weak. (Str -2) [potion of mutation]
 40845 | Spider:3 | Lost mutation: Your body sometimes deteriorates upon taking
                  | damage. [potion of mutation]
 40845 | Spider:3 | Gained mutation: You have a beak for a mouth. [potion of
                  | mutation]
 40845 | Spider:3 | Gained mutation: You have large cloven feet. [potion of
                  | mutation]
 40845 | Spider:3 | Gained mutation: You passively map a small area around you.
                  | [potion of mutation]
 41191 | Spider:3 | Received a gift from Trog
 41387 | Spider:3 | Identified the +9 spear "Cocovo" {pain, Str+4}
 41438 | Spider:3 | Noticed Louise
 41454 | Spider:3 | Killed Louise
 42483 | Spider:4 | Entered Level 4 of the Spider Nest
 43845 | Spider:4 | Reached skill level 24 in Axes
 43853 | Spider:4 | Received a gift from Trog
 43869 | Spider:4 | Reached XP level 18. HP: 122/180 MP: 0/18
 44936 | Spider:4 | Got a gossamer rune of Zot
 45113 | Swamp:1  | Entered Level 1 of the Swamp
 45600 | D:1      | Bought a scroll of brand weapon for 240 gold pieces
 45600 | D:1      | Bought a scroll of enchant armour for 90 gold pieces
 45600 | D:1      | Bought a scroll of enchant armour for 90 gold pieces
 45600 | D:1      | Bought a scroll of enchant armour for 90 gold pieces
 45600 | D:1      | Bought a scroll of enchant weapon for 90 gold pieces
 45600 | D:1      | Bought a scroll of teleportation for 36 gold pieces
 45600 | D:1      | Bought a scroll of teleportation for 36 gold pieces
 45600 | D:1      | Bought a scroll of teleportation for 36 gold pieces
 45600 | D:1      | Bought a scroll of immolation for 42 gold pieces
 45600 | D:1      | Bought a scroll of holy word for 90 gold pieces
 46043 | Orc:2    | Bought a pair of runed boots for 217 gold pieces
 47782 | Swamp:2  | Identified the +8 broad axe of the Globe {vorpal, *Corrode
                  | rN+++ Str+2 Dex+3} (Trog gifted it to you on level 2 of the
                  | Swamp)
 47782 | Swamp:2  | Received a gift from Trog
 48296 | Swamp:2  | Identified the +6 flail of Cufeghia {flame, Will+ Dex+3}
 48807 | Swamp:3  | Noticed a tentacled monstrosity
 49187 | Swamp:3  | Killed a tentacled monstrosity
 49580 | Swamp:4  | Entered Level 4 of the Swamp
 49942 | Swamp:4  | Got a decaying rune of Zot
 49991 | Swamp:4  | Reached XP level 19. HP: 176/190 MP: 19/19
 50000 | Swamp:4  | Received a gift from Trog
 50577 | Swamp:4  | Reached skill level 25 in Axes
 50724 | Swamp:3  | Identified the +5 mace "Hieriq" {drain, rElec rPois Will+++
                  | Dex-4}
 50946 | Vaults:1 | Entered Level 1 of the Vaults
 51006 | Vaults:1 | Reached skill level 10 in Shields
 51240 | Vaults:1 | Found a flickering gateway to a bazaar.
 51249 | Bazaar   | Entered a bazaar
 51252 | Bazaar   | Found Ybrehag's Weapon Shoppe.
 51265 | Bazaar   | Found Kammuita's Armour Shop.
 51486 | Bazaar   | Found Rohusoys's Weapon Emporium.
 51494 | Bazaar   | Found Furid's Distillery.
 51551 | Bazaar   | Bought the +1 pair of boots "Ojomanir" {Str+7 Dex-2 SInv}
                  | for 405 gold pieces
 51605 | Bazaar   | Bought a potion of curing for 42 gold pieces
 51605 | Bazaar   | Bought a potion of lignification for 42 gold pieces
 51605 | Bazaar   | Bought a potion of lignification for 42 gold pieces
 51605 | Bazaar   | Bought a potion of curing for 42 gold pieces
 51699 | Vaults:1 | Found a roughly hewn altar of Beogh.
 51700 | Vaults:1 | Received a gift from Trog
 52632 | Vaults:1 | Cast into level 2 of the Abyss (a wizard)
 52927 | Abyss:2  | Noticed a bone dragon
 52937 | Abyss:2  | Killed from afar by a blizzard demon

Illustrated notes

Levels and vault maps discovered:
D:1:      minmay_arrival_up_and_down, layout_rooms, serial_shops,
          nicolae_diamond_shop
D:2:      layout_basic, shapermc_ecumenical_altar_rom_forum,
          palyth_stone_intersect, minmay_misc_feat_secret_circle
D:3:      layout_basic, grunt_temple_overflow_champion_of_chaos,
          mainiacjoe_overflow_divided_tiny
D:4:      layout_loops_ring, nicolae_ashenzari_panopticon, minmay_unequal,
          uniq_crazy_yiuf_cottage, uniq_blork_the_orc
D:5:      layout_cave_pools, uniq_eustachio
D:6:      layout_rooms, chequers_temple_overflow_statue_of_worship,
          minmay_temple_entry_waves, serial_undead, serial_undead_c,
          serial_undead_e, serial_undead_c, serial_undead_b,
          minmay_misc_feat_enclosed, uniq_prince_ribbit1, uniq_edmund,
          uniq_grinder, uniq_duvessa
D:7:      cheibrodos_two_vegetables, layout_loops_ring,
          nemelex_spade_bored_becter, uniq_pikel
D:8:      layout_rooms, vehumet_altar_wand_db, lair_entry_dummy, special_room
          [special_room_orc], eino_small_chamber_without_monster, uniq_harold
D:9:      layout_long_grid, uniq_erolcha
D:10:     layout_basic, chequers_temple_overflow_minitemple,
          minmay_misc_feat_tower
D:11:     layout_loops_ring
D:12:     layout_basic, kennysheep_orc_monster_closet_entryway, uniq_fannar
D:13:     layout_irregular_city, erik_vaults_1, minmay_evil_grid
D:14:     layout_loops_corners, lightli_bailey_entry_fortress,
          nicolae_water_bricks
D:15:     hangedman_depths_entry_civil_slaughter, layout_gridville,
          lemuel_crystal_altar, portal_ice_cave_entry_pillars_three,
          ebering_ghost_reflecting_pool, grunt_ministairs_4, serial_park_tiny_1,
          chequers_serial_rivers_micro_d
Temple:   jpeg_temple_island
Lair:1:   layout_loops_ring, ebering_ghost_reflecting_pool,
          grunt_forest_small_clearings, minivault_27, grunt_megastairs_4
Lair:2:   layout_hall_layers
Lair:3:   layout_regular_city, nicolae_swamp_entry_splash_gauntlet,
          enter_volcano_2, st_stairs_4
Lair:4:   layout_gridlike, spider_nest_entry_a, serial_bayou_shore_b
Lair:5:   layout_hall_layers, special_room [special_room_mythical_zoo],
          serial_bayou_lagoon_a, nicolae_quartered_pool_super, minmay_holes,
          minmay_stone_trees_small
Lair:6:   minmay_lair_end_enchanted_forest, layout_cave_pods, slime_altar_2,
          grunt_megastairs_1
Swamp:1:  layout_basic_swamp, serial_swamp_ruin, evilmike_swamp_ruin_rubble_2,
          evilmike_swamp_ruin_wall, evilmike_swamp_ruin_rubble_1,
          hangedman_swamp_diagram
Swamp:2:  layout_falls_marsh, evilmike_swamp_ruin_house_5
Swamp:3:  layout_falls_marsh, evilmike_swamp_ruin_house_4
Swamp:4:  swamp, layout_basic_swamp, infiniplex_staircase_pool
Spider:1: layout_spider_delve, nicolae_spider_claw_tunnel
Spider:2: layout_spider_delve, uniq_mlioglotl
Spider:3: layout_chambers, uniq_louise
Spider:4: spider_rune_water
Orc:1:    layout_caves, uniq_nergalle, uniq_erica, uniq_snorg, uniq_gastronok
Orc:2:    grunt_orc_tribal_feast, layout_caves
Vaults:1: special_room_vaults [special_room_orc],
          nicolae_vaults_little_squares_1, vaults_dpeg_encased_lava,
          nicolae_vaults_stairing_the_circle, vaults_room_large_hall,
          v_pattern_3, nicolae_vaults_diagonal_hallway_6, v_misc_11,
          grunt_vaults_focal, vaults_mumra_chevron_long,
          ontoclasm_vaults_claustrophobia, nicolae_vaults_diagonal_hallway_6,
          nicolae_vaults_little_squares_4, v_misc_4,
          nicolae_vaults_border_crossing, v_misc_27, layout_vaults_omnibox,
          serial_shops, bzr_in_the_mist
Abyss:2:  base: D:13, hangedman_abyss_or_decor_stabs

Skill      XL: |  1  2  3  4  5  6  7  8  9 10 11 12 13 14 15 16 17 18 19 |
---------------+----------------------------------------------------------+-----
Fighting       | 4 6 8 10 12 13 15 17 18 20 21 22 | 22.3
Dodging        | 2 3 4 5 6 7 |  7.3
Axes           | 5 6 7 9 11 14 16 17 18 19 20 22 23 24 25 | 25.6
Armour         | 5 8 10 12 14 15 16 17 18 19 | 19.5
Shields        | 4 6 9 11 | 11.4
Stealth        | |  0.3
Evocations     | |  0.3

Action                   |  1- 3 |  4- 6 |  7- 9 | 10-12 | 13-15 | 16-18 | 19-21 || total
-------------------------+-------+-------+-------+-------+-------+-------+-------++-------
Melee: Hand axe          |   117 |    95 |   395 |   159 |       |       |       ||   766
       War axe           |       |       |       |   404 |   793 |  1418 |    56 ||  2671
       Battleaxe         |       |       |       |       |   358 |    57 |       ||   415
       Broad axe         |       |       |       |       |       |   160 |   285 ||   445
       Peck              |       |       |       |       |       |   192 |    92 ||   284
Invok: Berserk           |     3 |     3 |    16 |    25 |    20 |    22 |     1 ||    90
       Trog's Hand       |       |       |     2 |     3 |     9 |    15 |     6 ||    35
       Brothers in Arms  |       |       |       |       |       |     4 |     1 ||     5
Evoke: Wand              |       |       |       |    22 |       |       |       ||    22
  Use: Scroll            |     3 |       |    13 |     9 |    13 |    14 |     3 ||    55
       Potion            |       |       |     3 |     6 |     7 |     9 |     3 ||    28
 Stab: Invisible         |       |       |       |       |       |    40 |     2 ||    42
       Held in net/web   |       |       |       |       |       |     4 |       ||     4
Armor: Animal skin       |     7 |       |       |       |       |       |       ||     7
       Ring mail         |    12 |    23 |   130 |       |       |       |       ||   165
       Chain mail        |       |       |    37 |   374 |   490 |   714 |       ||  1615
       Skin              |       |       |       |     5 |       |       |       ||     5
       Gold dragon scale |       |       |       |       |   114 |   410 |   211 ||   735
Dodge: Dodged            |    57 |    42 |   192 |   237 |   392 |   996 |   160 ||  2076
Block: Buckler           |       |       |       |       |   153 |   899 |   310 ||  1362
       Reflection        |       |       |       |       |       |     5 |    13 ||    18

Table legend: (Time is in decaauts)
 A = Elapsed time spent in this place.
 B = Non-inter-level travel time spent in this place.
 C = Inter-level travel time spent in this place.
 D = Time resting spent in this place.
 E = Time spent auto-exploring this place.
 F = Levels seen in this place.
 G = Mean time per level.
                   A        B        C        D        E       F      G
               +--------+--------+--------+--------+--------+-----+--------+
         Total |  53012 |  48239 |   4773 |  13638 |  26022 |  37 | 1432.8 |
       Dungeon |  26280 |  23202 |   3078 |   8103 |  11740 |  15 | 1752.0 |
        Temple |    243 |    229 |     14 |      0 |    225 |   1 |  243.0 |
          Lair |   9352 |   8534 |    818 |   1230 |   6080 |   6 | 1558.7 |
         Swamp |   4527 |   4358 |    169 |   1218 |   2345 |   4 | 1131.8 |
   Spider Nest |   7373 |   6884 |    489 |   1750 |   3808 |   4 | 1843.2 |
  Orcish Mines |   2419 |   2223 |    196 |    488 |   1263 |   2 | 1209.5 |
        Vaults |   1242 |   1236 |      6 |    703 |    212 |   1 | 1242.0 |
         Abyss |    277 |    277 |      0 |     76 |      0 |   1 |  277.0 |
        Bazaar |    388 |    388 |      0 |      0 |    242 |   1 |  388.0 |
        Bailey |    636 |    636 |      0 |     67 |    104 |   1 |  636.0 |
       Volcano |    271 |    271 |      0 |      0 |      0 |   1 |  271.0 |
               +--------+--------+--------+--------+--------+-----+--------+

Top non-repeatable levels by time:
     D:4: 2854 daAuts
     D:7: 2742 daAuts
Spider:4: 2486 daAuts
     D:6: 2441 daAuts
     D:8: 2414 daAuts
  Lair:6: 2370 daAuts
    D:14: 2009 daAuts
    D:12: 1922 daAuts
    D:15: 1896 daAuts
Spider:3: 1894 daAuts
   Orc:2: 1575 daAuts
     D:5: 1552 daAuts
    D:13: 1542 daAuts
Spider:1: 1510 daAuts
  Lair:3: 1506 daAuts
